 Dungeon Crawl Stone Soup version 0.29-a0-1052-g6990b1bffc (webtiles) character file.

Game seed: 18358393890871687619

243 Zeldest the Chopper (level 5, -10/42 HPs)
             Began as a Mummy Cinder Acolyte on Aug 18, 2022.
             Was an Initiate of Ru.
             Mangled by a fire elemental (19 damage)
             ... created by the fiery vengeance of Ignis
             ... on level 6 of the Dungeon.
             The game lasted 00:06:13 (4738 turns).

Zeldest the Chopper (Mummy Cinder Acolyte)          Turns: 4738, Time: 00:06:14

Health: -10/42     AC: 10    Str: 20    XL:     5   Next: 82%
Magic:  7/7        EV:  3    Int: 13    God:    Ru [......]
Gold:   183        SH: 13    Dex:  7    Spells: 6/6 levels left

rFire   x . .      SeeInvis .   l - +1 dagger (venom)
rCold   + . .      Faith    .   t - +0 tower shield
rNeg    + + +      Spirit   .   j - +0 chain mail
rPois   ∞          Reflect  +   i - +0 helmet
rElec   .          Harm     .   (no cloak)
rCorr   .          Rampage  .   d - +0 pair of gloves
Will    +....                   (no boots)
Stlth   ..........              f - amulet of reflection
HPRegen 0.14/turn               m - ring of wizardry
MPRegen 0.10/turn               r - ring of willpower

@: no status effects
A: cold resistance 1, negative energy resistance 3, torment resistance 2, heat
vulnerability 1, in touch with death 1, no potions
a: Renounce Religion


You were on level 6 of the Dungeon.
You worshipped Ru.
Ru was noncommittal.
You visited 2 branches of the dungeon, and saw 7 of its levels.

You collected 183 gold pieces.

Inventory:

Hand Weapons
 a - a -1 hand axe of flaming
 e - a +0 dagger of venom
 l - a +1 dagger of venom (weapon)
Missiles
 b - 3 throwing nets (quivered)
Armour
 d - a +0 pair of gloves (worn)
 i - a +0 helmet (worn)
 j - a +0 chain mail (worn)
 t - a +0 tower shield (worn)
Jewellery
 f - an amulet of reflection (around neck)
 m - a ring of wizardry (left hand)
 r - a ring of willpower (right hand)
Wands
 n - a wand of iceblast (9)
Scrolls
 g - 4 scrolls of immolation
 h - 3 scrolls of identify
 k - a scroll of poison {unknown}
 o - 3 scrolls of fear
 q - a scroll of torment {unknown}
 s - a scroll of magic mapping {unknown}


   Skills:
 + Level 4.1 Fighting
 * Level 4.2 Axes
 + Level 2.1 Armour
 - Level 1.3 Spellcasting
 - Level 2.4 Fire Magic


You had 6 spell levels left.
You didn't know any spells.
Your spell library contained the following spells:

 Spells                   Type           Power      Damage    Failure   Level
 Apportation              Tloc           0%         N/A       100%        1
 Foxfire                  Conj/Fire      16%        2x1d4     100%        1
 Necrotise                Necr           4%         1d4       100%        1
 Scorch                   Fire           14%        2d5       100%        2
 Conjure Flame            Conj/Fire      4%         6-21      100%        3
 Inner Flame              Hex/Fire       4%         N/A       100%        3
 Vampiric Draining        Necr           1%         2d6       100%        3
 Flame Wave               Conj/Fire      4%         2d5       100%        4
 Agony                    Necr           1%         N/A       100%        5
 Alistair's Intoxication  Tmut/Pois      0%         N/A       100%        5


Dungeon Overview and Level Annotations

Branches:
Dungeon (6/15)             Temple (1/1) D:4

Altars:
Ashenzari
Cheibriados
Dithmenos
Fedhas
Gozag
Hepliaklqana
Kikubaaqudgha
Makhleb
Nemelex Xobeh
Okawaru
Qazlal
Ru
Sif Muna
Trog
Uskayaw
Vehumet
Wu Jian
Xom
Yredelemnul

Annotations:
D:3 2 transporters


Innate Abilities, Weirdness & Mutations

You are immune to poison.
Your flesh is cold resistant. (rC+)
You are immune to negative energy. (rN+++)
You are immune to unholy pain and torment.
You are vulnerable to heat. (rF-)
You are in touch with the powers of death.
You do not drink.


Message History

You feel strangely unstable. The hound barely misses you.
The hound bites you but does no damage.
You hit the hound but do no damage.
The hound looks as sick as possible!
You block the hound's attack. The hound bites you.
* * * LOW HITPOINT WARNING * * *
You hit the hound.
The hound looks as sick as possible!
The hound is heavily wounded.
Your surroundings suddenly seem different.
You feel a bit more experienced.
Found a stone staircase leading down.
There is a stone staircase leading down here.
You start resting.
Ignis calls forth spirits of fire to unmake you! 3 fire elementals come into view.
Okay, then.
You climb downwards.
The gnoll shouts! x2
There is a stone staircase leading up here.
Aiming: Iceblast
Press: ? - help, Shift-Dir - straight line, f - you That beam is likely to hit you.
Continue anyway?
The mass of ice explodes!
The iceblast engulfs you.
The iceblast engulfs the fire elemental.
The fire elemental is lightly damaged.
The iceblast engulfs the fire elemental!
The fire elemental is frozen!
The fire elemental is moderately damaged.
The iceblast engulfs the fire elemental!!
The fire elemental is frozen!
The fire elemental is heavily damaged.
You hear a shout! x2; You hear a howl!
You hear an angry growl.
You hear an angry hiss.
You hear a shout!
Something shouts, "Give up, thou frothy ditch-delivered deado!"
The fire elemental hits you. The fire elemental burns you!
The fire burns you terribly! The fire elemental hits you.
The fire elemental burns you! The fire burns you terribly!
* * * LOW HITPOINT WARNING * * *
The fire elemental hits you. The fire elemental burns you!
The fire burns you terribly!
You die...

# .# #g .# +#
.# .# #.# .
..... # #. .#.#
..#.#.# ...
..ggg.E#.###...
#.E@.......
#.#E.###... #
#.... #.####
#.. #.# ###


You could see 3 fire elementals and 4 gnolls.

Vanquished Creatures
  A fire elemental (D:4)
  A hound (D:5)
  An orc priest (D:3)
  A gnoll (D:1)
  7 adders
  3 worms (D:3)
  5 dart slugs
  2 orcs (D:3)
  6 endoplasms
  2 giant cockroaches
  11 goblins
  5 hobgoblins
  4 jackals (D:1)
  9 kobolds
  8 quokkas
  7 ball pythons
  4 bats
  6 frilled lizards
  8 rats
91 creatures vanquished.

Vanquished Creatures (others)
  6 plants (D:3)
6 creatures vanquished.

Grand Total: 97 creatures vanquished

Notes
Turn   | Place    | Note
-------+----------+-------------------------------------------
     0 | D:1      | Zeldest the Mummy Cinder Acolyte began the quest for the
                  | Orb.
     0 | D:1      | Reached XP level 1. HP: 18/18 MP: 2/2
   264 | D:1      | Reached XP level 2. HP: 22/24 MP: 4/4
  1008 | D:1      | Reached skill level 1 in Armour
  1008 | D:1      | Gained mutation: You are in touch with the powers of death.
                  | [Mummy growth]
  1008 | D:1      | Reached XP level 3. HP: 19/29 MP: 5/5
  1227 | D:1      | Found a faded altar of an unknown god.
  2141 | D:2      | Reached XP level 4. HP: 31/35 MP: 6/6
  2951 | D:3      | Identified the +3 trident of Ashenzari's Fury {elec, Dex+4
                  | SInv}
  2951 | D:3      | Identified the +1 buckler of Hairiness {Fly Str+5}
  2951 | D:3      | Noticed a gnoll sergeant
  2965 | D:3      | Reached XP level 5. HP: 42/42 MP: 7/7
  2969 | D:3      | Found a transporter.
  3097 | D:3      | Found a transporter.
  3841 | D:4      | Found a staircase to the Ecumenical Temple.
  3851 | Temple   | Entered the Ecumenical Temple
  3851 | Temple   | Noticed a green death
  3852 | Temple   | Noticed Quhethas the pandemonium lord
  3852 | Temple   | Noticed Japiusin the pandemonium lord
  3852 | Temple   | Noticed a cacodemon
  3853 | Temple   | Noticed a ynoxinul
  3881 | Temple   | Noticed an orange demon
  3881 | Temple   | Noticed a rust devil
  3882 | Temple   | Noticed Roifro Biac the pandemonium lord
  3882 | Temple   | Noticed a hellwing
  3900 | Temple   | Noticed Dymuoso the pandemonium lord
  3901 | Temple   | Noticed a ynoxinul
  3901 | Temple   | Noticed a soul eater
  3913 | Temple   | Noticed Daomn the pandemonium lord
  3928 | Temple   | Noticed a ynoxinul
  3928 | Temple   | Noticed Plog the pandemonium lord
  3929 | Temple   | Noticed a tormentor
  3976 | Temple   | Fell from the grace of Ignis
  3976 | Temple   | Became a worshipper of Ru the Awakened
  4344 | D:5      | Entered Level 5 of the Dungeon
  4344 | D:5      | Noticed a phantom
  4402 | D:5      | Found an opulent altar of Gozag.
  4408 | D:5      | Noticed a fire elemental
  4408 | D:5      | Noticed a fire elemental
  4416 | D:4      | Killed a fire elemental
  4489 | D:4      | Noticed a fire elemental
  4489 | D:4      | Noticed a fire elemental
  4736 | D:5      | Noticed a fire elemental
  4736 | D:5      | Noticed a fire elemental
  4736 | D:5      | Noticed a fire elemental
  4738 | D:6      | Mangled by a fire elemental

Illustrated notes

Levels and vault maps discovered:
D:1:      lightli_arrival_lavapool, layout_basic,
          hellmonk_ecumenical_altar_zigzags, minmay_pentomino_w2
D:2:      kennysheep_six_static_rooms, layout_basic, minmay_3d_cube
D:3:      minmay_chambers_of_threes, layout_rooms, gammafunk_ghost_gnarly_gnolls
D:4:      layout_basic, minmay_temple_entry_water_ring
D:5:      layout_loops_ring, nicolae_gozag_cash_rules_everything_around_me,
          serial_shops, shop, uniq_menkaure
D:6:      layout_basic, nicolae_shop_sticking_my_neck_out, uniq_edmund,
          uniq_crazy_yiuf_cottage, uniq_duvessa
Temple:   nicolae_temple_panitentiary

Skill      XL: |  1  2  3  4  5 |
---------------+----------------+-----
Axes           | 3 4 |  4.2
Armour         | 1 2 |  2.1
Fighting       | 4 |  4.1
Spellcasting   | |  1.3
Fire Magic     | |  2.4

Action                   |  1- 3 |  4- 6 || total
-------------------------+-------+-------++-------
Melee: Hand axe          |    18 |       ||    18
       Dagger            |   162 |   240 ||   402
       Punch             |     3 |     2 ||     5
Evoke: Wand              |       |     4 ||     4
  Use: Scroll            |       |     6 ||     6
Armor: Ring mail         |    61 |     1 ||    62
       Robe              |     3 |       ||     3
       Chain mail        |       |   101 ||   101
Dodge: Dodged            |   110 |    73 ||   183
Block: Other             |    22 |    31 ||    53
       Tower shield      |       |    61 ||    61

Table legend: (Time is in decaauts)
 A = Elapsed time spent in this place.
 B = Non-inter-level travel time spent in this place.
 C = Inter-level travel time spent in this place.
 D = Time resting spent in this place.
 E = Time spent auto-exploring this place.
 F = Levels seen in this place.
 G = Mean time per level.
                   A        B        C        D        E       F      G
               +--------+--------+--------+--------+--------+-----+--------+
         Total |   4765 |   4599 |    166 |   1131 |   2535 |   7 |  680.7 |
       Dungeon |   4623 |   4497 |    126 |   1131 |   2445 |   6 |  770.5 |
        Temple |    142 |    102 |     40 |      0 |     90 |   1 |  142.0 |
               +--------+--------+--------+--------+--------+-----+--------+

Top non-repeatable levels by time:
     D:1: 1656 daAuts
     D:2: 1041 daAuts
     D:3: 818 daAuts
     D:4: 767 daAuts
     D:5: 337 daAuts
  Temple: 142 daAuts
     D:6: 0 daAuts
